 Dungeon Crawl Stone Soup version 0.29.1-1-gd02db6906a (webtiles) character file.

Game seed: 7534626895496989552

12233 DemonSlayer the Arsonist (level 11, -13/73 HPs)
             Began as a Demonspawn Fire Elementalist on Sept 17, 2022.
             Was an Elder of Cheibriados.
             Mangled by Snorg (17 damage)
             ... on level 2 of the Orcish Mines.
             The game lasted 00:35:16 (15708 turns).

DemonSlayer the Arsonist (DsFE)                    Turns: 15708, Time: 00:35:16

Health: -13/73     AC: 10    Str: 24    XL:     11   Next: 59%
Magic:  34/34      EV: 16    Int: 31    God:    Cheibriados [****..]
Gold:   675        SH:  0    Dex: 38    Spells: 19/31 levels left

rFire   + . .      SeeInvis .   p - +9 mace "Qoih" {venom, Dex+7}
rCold   . . .      Faith    .   (no shield)
rNeg    . . .      Spirit   .   I - +4 leather armour of the Rose {rElec rF+}
rPois   .          Reflect  .   (helmet restricted)
rElec   +          Harm     .   A - +2 cloak {Will+}
rCorr   .          Rampage  .   z - +0 pair of gloves
Will    +....                   b - -2 pair of boots "Xilov" {MP+9 Dex+7}
Stlth   ++++......              H - amulet of Vitality {RegenMP++ Regen++}
HPRegen 1.82/turn               j - +6 ring of strength
MPRegen 1.04/turn               r - +4 ring of slaying

@: studying 2 skills, very slow
A: horns 1, ignite blood 2, spiny 2
a: Renounce Religion, Bend Time, Temporal Distortion, Slouch


You were on level 2 of the Orcish Mines.
You worshipped Cheibriados.
Cheibriados was greatly pleased with you.
You visited 4 branches of the dungeon, and saw 14 of its levels.

You collected 1023 gold pieces.
You spent 348 gold pieces at shops.

Inventory:

Hand Weapons
 l - the +5 war axe "Petycoir" {drain, rPois Int+4 Dex+3}
   (You found it on level 2 of the Dungeon)

   A truly terrible weapon, it drains the life of any living foe it strikes.
   Int:       It affects your intelligence (+4).
   Dex:       It affects your dexterity (+3).
   rPois:     It protects you from poison.
 p - the +9 mace "Qoih" (weapon) {venom, Dex+7}
   (You took it off a goblin on level 3 of the Dungeon)

   It poisons the flesh of those it strikes.
   Dex:       It affects your dexterity (+7).
Missiles
 y - a throwing net
Armour
 b - the -2 pair of boots "Xilov" (worn) {MP+9 Dex+7}
   (You found it on level 9 of the Dungeon)

   Dex:       It affects your dexterity (+7).
   MP:        It affects your magic capacity (+9).
 z - a +0 pair of gloves (worn)
 A - a +2 cloak of willpower (worn)
 I - the +4 leather armour of the Rose (worn) {rElec rF+}
   (You bought it in a shop on level 7 of the Dungeon)

   rF:        It protects you from fire.
   rElec:     It insulates you from electricity.
Jewellery
 j - a +6 ring of strength (left hand)
 n - a ring of ice
 r - a +4 ring of slaying (right hand)
 w - a ring of flight
 H - the amulet of Vitality (around neck) {RegenMP++ Regen++}
   (You found it on level 7 of the Dungeon)

   [amulet of magic regeneration]

   It increases your rate of magic regeneration.
   Regen:     It increases your rate of health regeneration.
Wands
 m - a wand of roots (18)
 B - a wand of polymorph (13)
Scrolls
 a - a scroll of brand weapon
 c - 2 scrolls of teleportation
 e - a scroll of butterflies
 g - 2 scrolls of enchant weapon
 q - 2 scrolls of amnesia
 s - a scroll of fear
 G - a scroll of magic mapping
Potions
 d - a potion of invisibility {unknown}
 f - a potion of berserk rage {unknown}
 h - 3 potions of flight
 i - 5 potions of curing
 o - 6 potions of mutation
 E - a potion of cancellation


   Skills:
 + Level 2.5 Fighting
 + Level 3.3(3.4) Axes
 + Level 1.3(2.5) Maces & Flails
 + Level 1.0 Throwing
 + Level 2.0 Armour
 + Level 3.7 Dodging
 + Level 4.2 Stealth
 + Level 10.7 Spellcasting
 + Level 3.4 Conjurations
 + Level 11.2 Fire Magic
 + Level 1.4 Evocations


You had 19 spell levels left.
You knew the following spells:

 Your Spells              Type           Power      Damage    Failure   Level
a - Foxfire               Conj/Fire      100%       2x1d9     1%          1
b - Scorch                Fire           100%       2d10      1%          2
c - Conjure Flame         Conj/Fire      58%        6-21      1%          3
d - Flame Wave            Conj/Fire      58%        2d14      1%          4
e - Blink                 Tloc           32%        N/A       5%          2

Your spell library contained the following spells:

 Spells                   Type           Power      Damage    Failure   Level
 Inner Flame              Hex/Fire       51%        N/A       1%          3
 Necrotise                Necr           64%        1d7       3%          1
 Lesser Beckoning         Tloc           16%        N/A       11%         3
 Vampiric Draining        Necr           16%        2d7       11%         3
 Agony                    Necr           16%        N/A       67%         5
 Manifold Assault         Tloc           16%        N/A       67%         5


Dungeon Overview and Level Annotations

Branches:
Dungeon (10/15)            Temple (1/1) D:6            Lair (1/5) D:9
    Orc (2/2) D:10
    Elf: Orc:2

Altars:
Ashenzari
Cheibriados
Dithmenos
Fedhas
Hepliaklqana
Okawaru
Qazlal
Sif Muna
Trog
Vehumet
Wu Jian

Shops:
D:6 :   D:7 =[   Orc:1 (

Annotations:
D:8 1 runed translucent door, BigDaddyOpFi's ghost, novice MiFi; TheBeaver's ghost, novice DsDe
Orc:2 Snorg


Innate Abilities, Weirdness & Mutations

You have a pair of small horns on your head.
Your demonic aura often causes spilled blood to erupt in flames.
You are mostly covered in sharp spines.


Message History

The two-headed ogre is lightly wounded.
You can't see any susceptible monsters within range! (Use Z to cast anyway.)
Found 19 gold pieces.
Flames lash the two-headed ogre.
The two-headed ogre is moderately wounded.
The two-headed ogre's fire resistance burns away.
Flames lash the two-headed ogre.
The two-headed ogre is burned terribly!
The two-headed ogre is heavily wounded.
You hear a shout!
You sock the two-headed ogre!
The two-headed ogre looks as sick as possible!
You headbutt the two-headed ogre.
You kill the two-headed ogre!
Cheibriados appreciates the change of pace.
Your Armour skill increases to level 2!
Magic restored.
Things that are here:
a +1 dagger of venom; a +0 club; a +0 leather armour
Things that are here:
a +0 broad axe; a +0 chain mail
Items here: )) [[ †.
There is a stone staircase leading up, spattered with blood here.
Snorg the Insatiable comes into view.
Snorg is nearby!
Snorg is nearby!
Snorg is nearby!
An ogre comes into view. It is wielding a +0 giant club.
The ogre shouts!
Snorg goes berserk!
Snorg rages.
Snorg attacks as you move away! Snorg is struck by your spines.
Snorg barely misses you. Snorg misses you. x2
Snorg rages.
Snorg is struck by your spines. Snorg closely misses you. Snorg claws you!
Snorg claws you!!
There is a stone staircase leading up, spattered with blood here.
Snorg bites you!! Snorg claws you!!
* * * LOW HITPOINT WARNING * * *
Snorg claws you!
You die...

##### ##...##
##. ##.....##
#...
##...)...##....
#...§§☼........
#...☼@○......#
#...))T)...##
#.........).##
#...........#
#........##O...
##...##...
...(.. #...
...## .....
#.......# .....
###...##. ....


You could see Snorg (berserk) and an ogre.

Vanquished Creatures
  2 two-headed ogres
  A deep troll (D:7)
  Pikel (D:7)
  A deep elf pyromancer (D:10)
  An ugly thing (D:10)
  2 trolls
  2 blink frogs (Lair:1)
  Grinder (D:5)
  10 yaks
  3 wyverns
  A basilisk (D:9)
  A steam dragon (D:6)
  Menkaure (D:7)
  An acid dragon (D:10)
  A warg (D:9)
  6 water moccasins
  2 black bears
  2 ice beasts
  16 orc warriors
  5 ogres
  A lemure (D:7)
  3 centaurs
  A phantom (D:6)
  A gnoll sergeant (D:9)
  5 scorpions
  8 wights
  4 jellies
  3 howler monkeys (D:10)
  2 electric eels (D:8)
  4 hounds
  2 gnoll boudas
  17 orc priests
  An iguana (D:5)
  11 orc wizards
  11 adders
  17 gnolls
  2 white imps
  An ufetubus (D:4)
  2 worms (D:3)
  8 dart slugs
  52 orcs
  6 endoplasms
  A giant cockroach (D:4)
  7 goblins
  9 hobgoblins
  3 jackals (D:3)
  7 quokkas
  3 ball pythons
  7 bats
  2 frilled lizards
  5 kobolds
  7 rats
273 creatures vanquished.

Vanquished Creatures (others)
  266 foxfires
  5 plants (D:9)
  2 withered plants (D:8)
273 creatures vanquished.

Grand Total: 546 creatures vanquished

Notes
Turn   | Place    | Note
-------+----------+-------------------------------------------
     0 | D:1      | DemonSlayer the Demonspawn Fire Elementalist began the
                  | quest for the Orb.
     0 | D:1      | Reached XP level 1. HP: 13/13 MP: 3/3
   345 | D:1      | Gained mutation: You are partially covered in sharp spines.
                  | [demonic ancestry]
   345 | D:1      | Reached XP level 2. HP: 19/19 MP: 0/5
   348 | D:1      | Learned a level 2 spell: Scorch
   408 | D:1      | Found a faded altar of an unknown god.
   468 | D:1      | Reached skill level 3 in Fire Magic
  1246 | D:2      | Identified the +5 war axe "Petycoir" {drain, rPois Int+4
                  | Dex+3}
  1487 | D:2      | Gained mutation: You have a pair of small horns on your
                  | head. [demonic ancestry]
  1487 | D:2      | Reached XP level 3. HP: 24/24 MP: 3/6
  2404 | D:2      | Learned a level 3 spell: Conjure Flame
  2504 | D:3      | Reached XP level 4. HP: 22/30 MP: 7/7
  3432 | D:3      | Identified the +9 mace "Qoih" {venom, Dex+7}
  3653 | D:3      | Reached XP level 5. HP: 35/35 MP: 6/9
  3806 | D:4      | Reached skill level 1 in Axes
  4197 | D:4      | Noticed an ogre
  4199 | D:4      | Killed an ogre
  4200 | D:4      | Gained mutation: Your demonic aura sometimes causes spilled
                  | blood to erupt in flames. [demonic ancestry]
  4200 | D:4      | Reached XP level 6. HP: 32/42 MP: 1/10
  4298 | D:4      | Noticed an ice beast
  4305 | D:4      | Killed an ice beast
  4306 | D:4      | Reached skill level 4 in Fire Magic
  4639 | D:4      | Gained mutation: Your demonic aura often causes spilled
                  | blood to erupt in flames. [demonic ancestry]
  4639 | D:4      | Reached XP level 7. HP: 47/47 MP: 7/12
  5027 | D:4      | Reached skill level 1 in Fighting
  5519 | D:4      | Learned a level 4 spell: Flame Wave
  5564 | D:5      | Entered Level 5 of the Dungeon
  5706 | D:5      | Reached skill level 5 in Fire Magic
  5808 | D:5      | Reached XP level 8. HP: 38/54 MP: 7/15
  5971 | D:5      | Reached skill level 5 in Spellcasting
  6117 | D:5      | Found an iron altar of Okawaru.
  6119 | D:5      | Found a shadowy altar of Dithmenos.
  6148 | D:5      | Noticed Grinder
  6161 | D:5      | Killed Grinder
  6162 | D:5      | Reached skill level 6 in Fire Magic
  7037 | D:6      | Found Antojuwo's Self-Improvement Boutique.
  7086 | D:6      | Found a staircase to the Ecumenical Temple.
  7102 | Temple   | Entered the Ecumenical Temple
  7161 | Temple   | Became a worshipper of Cheibriados the Contemplative
  7514 | D:6      | Reached skill level 7 in Fire Magic
  7514 | D:6      | Reached XP level 9. HP: 29/59 MP: 13/19
  8305 | D:7      | Noticed Menkaure
  8311 | D:7      | Killed Menkaure
  8447 | D:7      | Found Refaoh's Antique Armour Shop.
  8457 | D:7      | Bought a glowing cloak for 180 gold pieces
  9186 | D:7      | Noticed Pikel
 10240 | D:8      | Found a runed translucent door.
 10241 | D:8      | Noticed BigDaddyOpFi's ghost (novice MiFi)
 10493 | D:8      | Reached * piety under Cheibriados
 10988 | D:7      | Noticed a deep troll
 10998 | D:7      | Found the amulet of Vitality {RegenMP++ Regen++}
 11005 | D:7      | Killed a deep troll
 11006 | D:7      | Reached skill level 8 in Fire Magic
 11583 | D:7      | Bought a pitted leather armour for 168 gold pieces
 11583 | D:7      | Identified the +4 leather armour of the Rose {rElec rF+}
                  | (You bought it in a shop on level 7 of the Dungeon)
 11637 | D:7      | Killed Pikel
 11638 | D:7      | Reached skill level 1 in Evocations
 11638 | D:7      | Gained mutation: You are mostly covered in sharp spines.
                  | [demonic ancestry]
 11638 | D:7      | Reached XP level 10. HP: 59/67 MP: 5/22
 11762 | D:7      | Found Ynkad's Jewellery Shop.
 12099 | D:9      | Reached skill level 9 in Fire Magic
 12121 | D:9      | Reached ** piety under Cheibriados
 12152 | D:9      | Found a staircase to the Lair.
 12248 | D:9      | Identified the +7 plate armour of the Fiend {Dex+4}
 12252 | D:9      | Found a runed translucent gate.
 12252 | D:9      | Found a runed translucent gate.
 12252 | D:9      | Found a runed translucent gate.
 12253 | D:9      | Noticed TheBeaver's ghost (novice DsDe)
 12311 | D:9      | Found a broken altar of Ashenzari.
 13201 | D:9      | Reached skill level 1 in Maces & Flails
 13212 | D:9      | Reached skill level 1 in Armour
 13561 | D:9      | Identified the -2 pair of boots "Xilov" {MP+9 Dex+7}
 14040 | Lair:1   | Entered Level 1 of the Lair of Beasts
 14043 | Lair:1   | Noticed a cane toad
 14044 | Lair:1   | Reached skill level 10 in Fire Magic
 14083 | D:10     | Entered Level 10 of the Dungeon
 14208 | D:10     | Noticed a deep elf pyromancer
 14218 | D:10     | Killed a deep elf pyromancer
 14219 | D:10     | Reached skill level 1 in Throwing
 14219 | D:10     | Reached XP level 11. HP: 45/73 MP: 24/24
 14254 | D:10     | Found a staircase to the Orcish Mines.
 14301 | D:10     | Noticed a purple ugly thing
 14308 | D:10     | Killed a purple ugly thing
 14308 | D:10     | Reached *** piety under Cheibriados
 14371 | D:10     | Noticed a two-headed ogre
 14394 | D:10     | Killed a two-headed ogre
 14395 | D:10     | Reached skill level 10 in Spellcasting
 14446 | D:10     | Found a shimmering blue altar of Sif Muna.
 14803 | D:10     | Learned a level 2 spell: Blink
 14865 | Orc:1    | Entered Level 1 of the Orcish Mines
 15466 | Orc:1    | Reached **** piety under Cheibriados
 15534 | Orc:1    | Reached skill level 11 in Fire Magic
 15615 | Orc:1    | Found Diagang's Weapon Shoppe.
 15681 | Orc:2    | Entered Level 2 of the Orcish Mines
 15691 | Orc:2    | Noticed a two-headed ogre
 15697 | Orc:2    | Killed a two-headed ogre
 15704 | Orc:2    | Noticed Snorg
 15708 | Orc:2    | Mangled by Snorg

Illustrated notes

Levels and vault maps discovered:
D:1:      ncdulo_watergridlock, layout_basic, shapermc_ecumenical_altar_venn
D:2:      layout_basic
D:3:      kennysheep_slugbush, layout_basic, lemuel_crystal_altar
D:4:      layout_gridville
D:5:      layout_gridville, minitemple, minmay_manual_monstrance, uniq_grinder
D:6:      layout_loops_cross, minmay_temple_entry_antechambers,
          nicolae_shop_self_help
D:7:      layout_rooms, serial_shops, nicolae_lakefront_shop,
          nicolae_shop_trees, hellmonk_guarded_unrand_vitality_bloodlust,
          uniq_pikel, uniq_menkaure
D:8:      layout_basic, gammafunk_ghost_grave, kennysheep_minor_cross,
          minmay_misc_feat_doors, grunt_decor_arrowhead
D:9:      layout_long_grid, old_standard_altar, minmay_lair_entry_grove,
          biasface_ghost_orc_armoury
D:10:     layout_long_grid, mainiacjoe_overflow_brackets, david_orc_2,
          minmay_orc_keep
Temple:   minmay_crystal_spiral_temple
Lair:1:   layout_regular_city, uniq_amaemon
Orc:1:    layout_diamond_mine, serial_shops, nicolae_shop_stone
Orc:2:    pubby_orc_utopia, uniq_snorg, uniq_maurice

Skill      XL: |  1  2  3  4  5  6  7  8  9 10 11 |
---------------+----------------------------------+-----
Stealth        | 2 3 4 |  4.2
Fire Magic     | 3 4 5 7 8 10 11 | 11.2
Conjurations   | 2 3 |  3.4
Axes           | 2 3 |  3.3
Spellcasting   | 3 4 6 8 9 10 | 10.7
Dodging        | 2 3 |  3.7
Fighting       | 1 2 |  2.5
Evocations     | 1 |  1.4
Maces & Flails | 1 |  1.3
Armour         | 1 2 |  2.0
Throwing       | 1 |  1.0

Action                   |  1- 3 |  4- 6 |  7- 9 | 10-12 || total
-------------------------+-------+-------+-------+-------++-------
Melee: Mace              |     8 |       |       |    47 ||    55
       War axe           |     7 |    19 |    28 |       ||    54
       Headbutt          |     1 |     1 |     5 |    17 ||    24
       Punch             |       |       |       |     1 ||     1
Throw: Dart              |       |       |     4 |     2 ||     6
       Throwing net      |       |       |     2 |     1 ||     3
 Cast: Foxfire           |    69 |    61 |    23 |     8 ||   161
       Scorch            |     7 |    23 |   120 |   185 ||   335
       Conjure Flame     |       |       |       |     6 ||     6
       Flame Wave        |       |       |       |     2 ||     2
Evoke: Wand              |       |       |     6 |     1 ||     7
  Use: Scroll            |       |     5 |     5 |    16 ||    26
       Potion            |       |       |     8 |     3 ||    11
 Stab: Sleeping          |       |     2 |       |       ||     2
       Distracted        |       |     1 |       |       ||     1
Armor: Robe              |     2 |     1 |     9 |       ||    12
       Leather armour    |       |       |     4 |    44 ||    48
Dodge: Dodged            |    14 |    12 |    63 |   134 ||   223
